 Dungeon Crawl Stone Soup version 0.23-a0-644-gb60d84b (webtiles) character file.

44 Borgoz the Skirmisher (level 3, -3/31 HPs)
             Began as a Ghoul Abyssal Knight on Jan 1, 2019.
             Was a Follower of Lugonu.
             Killed from afar by Sigmund (7 damage)
             ... with a magic dart
             ... on level 3 of the Dungeon.
             The game lasted 00:02:22 (1645 turns).

Borgoz the Skirmisher (Ghoul Abyssal Knight)        Turns: 1645, Time: 00:02:22

Health: -3/31      AC:  6    Str: 15    XL:     3   Next: 60%
Magic:  3/3        EV:  9    Int:  7    God:    Lugonu [*.....]
Gold:   64         SH:  0    Dex:  9    Spells: 2/2 levels left

rFire    . . .     SeeInvis .     - Unarmed
rCold    + . .     Gourm    +   (no shield)
rNeg     + + +     Faith    .   g - +0 scale mail
rPois    ∞         Spirit   .   (no helmet)
rElec    .         Reflect  .   (no cloak)
rCorr    .         Harm     .   (no gloves)
MR       .....                  (no boots)
Stlth    ..........             f - amulet of the gourmand
HPRegen  0.00/turn              (no ring)
MPRegen  0.08/turn              (no ring)

@: flying (expiring), rotting, hasted, very quick
A: rotting body, claws 1, carnivore, cold resistance 1, negative energy
resistance 3, inhibited regeneration, torment resistance, unbreathing
a: Depart the Abyss, Renounce Religion


You were on level 3 of the Dungeon.
You worshipped Lugonu.
Lugonu was aware of your devotion.
You were not hungry.

You visited 1 branch of the dungeon, and saw 3 of its levels.
You visited the Abyss 1 time.

You collected 64 gold pieces.

Inventory:

Armour
 g - a +0 scale mail (worn)
Jewellery
 f - an amulet of the gourmand (around neck)
 j - an uncursed ring of ice
Scrolls
 a - 4 scrolls of teleportation {unknown}
 e - 4 scrolls of remove curse {unknown}
 h - a scroll of enchant armour {unknown}
 i - a scroll of noise {unknown}
Comestibles
 b - 5 rations
 k - 2 chunks of flesh


   Skills:
 + Level 3.6 Fighting
 + Level 2.1 Armour
 + Level 1.5 Dodging
 + Level 2.7 Unarmed Combat
 + Level 2.5 Invocations


You had 2 spell levels left.
You didn't know any spells.
Your spell library was empty.

Dungeon Overview and Level Annotations

Branches:
Dungeon (3/15)

Altars:
Yredelemnul

Annotations:
D:3 Sigmund


Innate Abilities, Weirdness & Mutations

Your body is rotting away.
You thrive on raw meat.
You are immune to poison.
You have sharp fingernails.
You are carnivorous and can eat meat at any time.
Your flesh is cold resistant. (rC+)
You are immune to negative energy. (rN+++)
You do not regenerate when monsters are visible.
You are immune to unholy pain and torment.
You can survive without breathing.


Message History

* * * LOW HITPOINT WARNING * * *
You barely miss something. You miss something.
You are starting to lose your buoyancy.
Something hits you but does no damage.
You miss something.
The orc wizard mumbles some strange words.
The orc wizard flickers and vanishes!
You barely miss something. You miss something. Something hits you.
* * * LOW HITPOINT WARNING * * *
You closely miss something. You scratch something. Something hits you.
* * * LOW HITPOINT WARNING * * *
You scratch something but do no damage. You scratch something but do no damage.
You hear some strange, mumbled words.
A magic dart appears from out of thin air!
The magic dart hits you!
You die...

##...#.# ...#.##......#
. #.........#..# ..
#%#...##.....# ...
#.##...#[..#.# ....
#.#........).. .....
#...#........#
....g{#####..##......###
....go{@?....#........##
....oo#####........##...
##..# #..........#####
... #....(..#.#### #
....##.#.#.# ....
#...... .## #.####.# ###
.. ...


You could see 3 orcs, a hobgoblin and a goblin.

Vanquished Creatures
  An ooze (D:1)
  2 dart slugs (D:1)
  An orc (D:2)
  6 bats
  4 giant cockroaches (D:1)
  4 goblins
  4 hobgoblins
  4 kobolds
  A quokka (D:2)
  6 rats
33 creatures vanquished.

Notes
Turn   | Place    | Note
-------+----------+-------------------------------------------
     0 | Abyss:1  | Borgoz the Ghoul Abyssal Knight began the quest for the
                  | Orb.
     0 | Abyss:1  | Reached XP level 1. HP: 19/19 MP: 1/1
    55 | Abyss:1  | Noticed a small abomination
    60 | Abyss:1  | Noticed a large abomination
    71 | Abyss:1  | Noticed a wretched star
    73 | D:1      | Escaped the Abyss
   104 | D:1      | Reached skill level 1 in Dodging
   153 | D:1      | Reached XP level 2. HP: 17/26 MP: 2/2
   202 | D:1      | Reached * piety under Lugonu
   442 | D:1      | Reached XP level 3. HP: 20/30 MP: 3/3
  1340 | D:2      | Found a basalt altar of Yredelemnul.
  1614 | D:3      | Noticed Sigmund
  1645 | D:3      | Killed from afar by Sigmund

Vault maps used:
D:1:      dpeg_arrival_another_circle, minmay_tromino_v7
D:2:      nicolae_overflow_crystal_walls, chequers_serial_rivers_micro_d,
          grunt_ministairs_1, serial_bayou_ford_a
D:3:      uniq_sigmund
Abyss:1:  lemuel_flamethrower_2, hangedman_abyss_mock_shop

Skill      XL: |  1  2 |
---------------+-------+-----
Dodging        | 1 |  1.5
Armour         | 2 |  2.1
Fighting       | |  3.6
Unarmed Combat | |  2.7
Invocations    | |  2.5

Action                   || total
-------------------------++-------
Melee: Unarmed           ||   142
       Punch             ||     2
Invok: Depart the Abyss  ||     1
  Use: Potion            ||     3
  Eat: Chunk             ||    10
Armor: Scale mail        ||    50
       Leather armour    ||     8
Dodge: Dodged            ||    70

Table legend:
 A = Non-vault XP
 B = Vault XP
 C = Vault XP percentage of total XP
 D = Non-vault monster count
 E = Vault monster count
 F = Vault count percentage of total count
                 A         B        C        D         E       F
            +---------+---------+-------+---------+---------+-------
      Total |      55 |       8 |  12.7 |      28 |       5 |  15.2
            +---------+---------+-------+---------+---------+-------
        D:1 |      37 |       6 |  14.0 |      17 |       3 |  15.0
        D:2 |      14 |       2 |  12.5 |       8 |       2 |  20.0
        D:3 |       4 |       0 |   0.0 |       3 |       0 |   0.0
            +---------+---------+-------+---------+---------+-------
